 Dungeon Crawl Stone Soup version 0.16.0 (webtiles) character file.

1447 Fiveotanaka the Grappler (level 8, -6/74 HPs)
             Began as a Troll Monk on Mar 23, 2015.
             Killed by divine providence
             ... invoked by an orc priest
              (9 damage)
             ... on level 8 of the Dungeon.
             The game lasted 00:03:15 (965 turns).

Fiveotanaka the Grappler (Troll Monk)                Turns: 965, Time: 00:03:15

Health: -6/74      AC:  9    Str: 20    XL:     8   Next: 46%
Magic:  3/3        EV: 10    Int:  6    God:
Gold:   48         SH:  0    Dex: 14    Spells: 0 memorised, 7 levels left

rFire  . . .     SeeInvis .       - Unarmed
rCold  + . .     Clarity  .     o - +2 robe {rC+}
rNeg   . . .     SustAb   .     (shield restricted)
rPois  +         Gourm    +     (helmet restricted)
rElec  .         Spirit   .     (no cloak)
rCorr  .         Warding  .     (gloves unavailable)
rMut   .         Stasis   .     (boots unavailable)
MR     .....                    (no amulet)
Stlth  ++........               i - +2 ring of protection
                                e - ring of poison resistance

@: not resistant to hostile enchantments, unstealthy
A: unfitting armour, claws 3, fast metabolism 3, gourmand, regeneration 2,
shaggy fur 1, tough skin 2
a: no special abilities


You were on level 8 of the Dungeon.
You were very full.

You visited 1 branch of the dungeon, and saw 8 of its levels.

You collected 48 gold pieces.

Inventory:

Armour
 a - a +0 robe
 o - a +2 robe of cold resistance (worn)
Jewellery
 e - a ring of poison resistance (left claw)
 i - a +2 ring of protection (right claw)
Scrolls
 c - a scroll of identify {unknown}
 d - a scroll of magic mapping {unknown}
Potions
 g - a potion of heal wounds {unknown}
 h - a potion of agility {unknown}
 j - 2 potions of invisibility {unknown}
 l - a potion of magic {unknown}
 n - a potion of poison {unknown}
Comestibles
 b - 2 meat rations
 f - 2 bread rations
 k - 9 chunks of flesh
 m - 4 fruits


   Skills:
 - Level 2.4 Fighting
 - Level 2.4 Dodging
 - Level 1.1 Stealth
 + Level 11.1 Unarmed Combat


You had 7 spell levels left.
You didn't know any spells.

Dungeon Overview and Level Annotations

Branches:
Dungeon (8/15)
 Temple: D:4-7         Lair: D:8-11

Altars:
Gozag
Ru

Annotations:
D:8 Pikel


Innate Abilities, Weirdness & Mutations

You are too large for most types of armour.
You have claws for hands.
Your metabolism is lightning-fast.
You like to eat raw meat.
You heal very quickly.
You are covered in fur (AC +1).
You have very tough skin (AC +2).


Message History

You kill the orc priest!
The orc hits you with a mace.
You closely miss the warg. The warg bites you!
You closely miss the warg.
The warg stops to sniff the ground.
The warg bites you!
* * * LOW HITPOINT WARNING * * *
The orc hits you with a mace.
* * * LOW HITPOINT WARNING * * *
A slave comes into view.
The slave shouts!
An orc priest comes into view. It is wielding a short sword.
The orc priest's eyes start to glow.
The slave moves out of view.
The orc hits you with a mace!
* * * LOW HITPOINT WARNING * * *
The warg bites you.
* * * LOW HITPOINT WARNING * * *
The orc priest calls down the wrath of Beogh upon you.
Something smites you!
You die...

... #. #...#
....#o###### #...#
.......o...# #...#
.o.o...Ko...# #...#
#)#..###...##
#o..........#
###o#..#.#....##.#
#.h##.#..........#
##@#.###.........#
#....#...[........
.######.##..###........
#..........<####.......
#....†.)............
#.##.#.#######..#.#
#.... #.... ....... . #
........##


You could see a warg, 2 orc priests, an orc wizard and an orc.

Vanquished Creatures
  Psyche (D:8)
  A hippogriff (D:8)
  2 wargs (D:8)
  An ice beast (D:7)
  A phantom (D:6)
  3 centaurs
  2 giant frogs
  2 orc priests (D:8)
  2 giant frog skeletons (D:6)
  3 worker ants (D:7)
  Robin (D:4)
  A gnoll (D:1)
  2 adders (D:8)
  A worm (D:3)
  A giant gecko (D:6)
  2 orcs
  4 bats
  A giant cockroach (D:1)
  10 goblins
  6 hobgoblins
  A kobold (D:2)
  4 rats
52 creatures vanquished.

Notes
Turn   | Place    | Note
--------------------------------------------------------------
     0 | D:1      | Fiveotanaka, the Troll Monk, began the quest for the Orb.
     0 | D:1      | Reached XP level 1. HP: 22/22 MP: 1/1
    42 | D:1      | Reached XP level 2. HP: 29/29 MP: 1/1
   172 | D:2      | Found a sacrificial altar of Ru.
   206 | D:3      | Reached skill level 5 in Unarmed Combat
   206 | D:3      | Reached XP level 3. HP: 36/36 MP: 2/2
   320 | D:4      | Noticed Robin
   342 | D:4      | Killed Robin
   417 | D:5      | Entered Level 5 of the Dungeon
   446 | D:6      | Noticed a phantom
   461 | D:6      | Killed a phantom
   461 | D:6      | Reached skill level 6 in Unarmed Combat
   461 | D:6      | Reached XP level 4. HP: 44/44 MP: 2/2
   461 | D:6      | Reached XP level 5. HP: 50/50 MP: 2/2
   476 | D:6      | Noticed a centaur
   483 | D:6      | Killed a centaur
   483 | D:6      | Reached skill level 7 in Unarmed Combat
   565 | D:6      | Reached XP level 6. HP: 59/59 MP: 3/3
   654 | D:7      | Reached skill level 8 in Unarmed Combat
   715 | D:7      | Reached XP level 7. HP: 43/66 MP: 3/3
   830 | D:7      | Reached skill level 9 in Unarmed Combat
   834 | D:8      | Noticed Psyche
   839 | D:8      | Killed Psyche
   842 | D:8      | Reached skill level 10 in Unarmed Combat
   845 | D:8      | Reached XP level 8. HP: 74/74 MP: 3/3
   910 | D:8      | Found an opulent altar of Gozag.
   954 | D:8      | Reached skill level 11 in Unarmed Combat
   958 | D:8      | Noticed Pikel
   963 | D:8      | HP: 2/74 [warg (3)]
   965 | D:8      | Killed from afar by an orc priest

Action                   |  1- 3 |  4- 6 |  7- 9 || total
-------------------------+-------+-------+-------++-------
Melee: Unarmed           |    70 |    31 |    34 ||   135
  Eat: Chunk             |     9 |     3 |     2 ||    14
